 Dungeon Crawl Stone Soup version 0.32-a0-732-ga344392067 (webtiles) character file.

Game seed: 2497664614076584366

11359 Fodor the Cleaver (level 11, -9/101 HPs)
             Began as a Minotaur Fighter on Mar 16, 2024.
             Was an Initiate of Gozag.
             Mangled by Rupert
             ... wielding a +2 vampiric battleaxe
              (22 damage)
             ... on level 12 of the Dungeon.
             The game lasted 00:41:22 (8573 turns).

Fodor the Cleaver (Minotaur Fighter)                Turns: 8573, Time: 00:41:22

Health: -9/101     AC: 25    Str: 31    XL:     11   Next: 48%
Magic:  10/10      EV: 10    Int:  5    God:    Gozag
Gold:   1553       SH:  0    Dex: 10    Spells: 10/10 levels left

rFire   . . .        a - +2 battleaxe
rCold   + . .        (shield currently unavailable)
rNeg    . . .        G - +4 chain mail {rC+}
rPois   .            t - +1 hat
rElec   .            m - +2 cloak
rCorr   .            (no gloves)
SInv    .            s - +0 pair of boots
Will    .....        e - amulet of regeneration Stlth
                     K - +6 ring of strength
HPRegen 1.16/turn    I - +4 ring of protection
MPRegen 0.12/turn

%: no passive effects
@: about to teleport, studying Shields
A: horns 2, retaliatory headbutt
a: Renounce Religion, Potion Petition, Call Merchant, Bribe Branch


You were on level 12 of the Dungeon.
You worshipped Gozag.
Gozag was most pleased with you.
You visited 2 branches of the dungeon, and saw 13 of its levels.
You also visited: Sewer and Ossuary.

You collected 1995 gold pieces.
You spent 344 gold pieces at shops.
You paid 98 gold pieces to Gozag.

Inventory:

Hand Weapons
 a - a +2 battleaxe (weapon)
 j - a +0 sling
Armour
 b - a +2 plate armour of fire resistance
 m - a +2 cloak (worn)
 s - a +0 pair of boots (worn)
 t - a +1 hat (worn)
 G - a +4 chain mail of cold resistance (worn)
Jewellery
 e - an amulet of regeneration (around neck)
 A - an amulet of reflection
 F - a ring of flight
 H - a ring of fire
 I - a +4 ring of protection (right hand)
 K - a +6 ring of strength (left hand)
 L - a ring of protection from fire
 O - a +4 ring of protection
 P - a ring of fire
Talismans
 f - a blade talisman
Wands
 r - a wand of roots (18)
 v - a wand of digging (4)
 y - a wand of flame (19)
 D - a wand of charming (8)
Scrolls
 g - 3 scrolls of revelation
 i - a scroll of poison
 k - 4 scrolls of teleportation
 x - 3 scrolls of noise
 B - 2 scrolls of vulnerability
 C - 2 scrolls of immolation
 E - a scroll of butterflies {unknown}
 J - a scroll of fear
 M - 2 scrolls of amnesia
 N - a scroll of brand weapon {unknown}
Potions
 c - a potion of brilliance
 d - 4 potions of haste {unknown}
 h - 3 potions of might
 l - 5 potions of ambrosia
 n - a potion of berserk rage {unknown}
 o - a potion of lignification {unknown}
 p - 5 potions of heal wounds {unknown}
 q - 2 potions of invisibility {unknown}
 u - 7 potions of degeneration {unknown}
 w - 2 potions of curing
 z - 2 potions of attraction {unknown}


   Skills:
 + Level 10.3 Fighting
 + Level 14.3 Axes
 + Level 5.2 Ranged Weapons
 + Level 9.2 Armour
 + Level 5.4 Dodging
 + Level 2.6 Stealth
 + Level 7.0 Shields


You had 10 spell levels left.
You didn't know any spells.
Your spell library contained the following spells:

 Spells                   Type           Power      Damage    Failure   Level
 Freeze                   Ice            0%         1d3       86%         1
 Frozen Ramparts          Ice            0%         1d1       99%         3
 Hailstorm                Conj/Ice       0%         3d5       99%         3
 Inner Flame              Hex/Fire       0%         N/A       99%         3
 Flame Wave               Conj/Fire      0%         2d4       100%        4
 Sticky Flame             Fire/Alch      0%         2d4       100%        4
 Summon Forest            Summ/Tloc      0%         N/A       100%        5
 Conjure Ball Lightning   Conj/Air       0%         3x3d6     100%        6
 Eringya's Noxious Bog    Alch           0%         4d6       100%        6
 Summon Hydra             Summ           0%         N/A       100%        7
 Discord                  Hex            0%         N/A       100%        8
 Disjunction              Tloc           0%         N/A       100%        8


Dungeon Overview and Level Annotations

Branches:
Dungeon (12/15)            Temple (1/1) D:5            Lair (0/5) D:9
    Orc (0/2) D:10          Sewer (visited)         Ossuary (visited)

Altars:
Ashenzari
Cheibriados
Dithmenos
Elyvilon
Fedhas
Gozag
Hepliaklqana
Kikubaaqudgha
Makhleb
Nemelex Xobeh
Okawaru
Qazlal
Ru
Sif Muna
Trog
Uskayaw
Vehumet
Wu Jian
Xom
Yredelemnul
Zin
The Shining One

Shops:
D:7 [*   D:9 =

Annotations:
D:7 3 runed translucent doors, djent's ghost, novice DEFi
D:12 Rupert


Innate Abilities, Weirdness & Mutations

You have a pair of horns on your head.
You reflexively headbutt those who attack you in melee.


Message History

The manticore claws you but does no damage. x2
You hit the manticore.
You kill the manticore!
Rupert roars madly and goes into a rage!
Rupert goes berserk!
Rupert hits you with a +2 vampiric battleaxe!
You see here 11 gold pieces.
You slash Rupert!
Rupert is lightly wounded.
Rupert hits you but does no damage.
You barely miss Rupert. You headbutt Rupert!
Rupert is lightly wounded.
Rupert hits you with a +2 vampiric battleaxe!!
Rupert draws strength from your wounds! Rupert hits you but does no damage.
You completely miss Rupert.
Rupert is lightly wounded.
Rupert hits you with a +2 vampiric battleaxe!!
You slice Rupert!!
Rupert is moderately wounded.
Rupert barely misses you. Rupert misses you.
You barely miss Rupert. Your headbutt misses Rupert.
Rupert is lightly wounded.
Rupert barely misses you. You furiously retaliate!
You headbutt Rupert! You hit Rupert but do no damage.
Your headbutt misses Rupert.
Rupert is moderately wounded.
Rupert closely misses you. Rupert hits you but does no damage.
As you read the scroll of teleportation, it crumbles to dust.
You feel strangely unstable.
Rupert hits you with a +2 vampiric battleaxe!
Okay, then.
You feel better. Rupert barely misses you. You furiously retaliate!
You headbutt Rupert!
Rupert hits you with a +2 vampiric battleaxe!!
* * * LOW HITPOINT WARNING * * *
Rupert rages.
Rupert attacks as he pursues you! Rupert hits you but does no damage.
Rupert hits you with a +2 vampiric battleaxe!!
You die...
Rupert roars with triumph.
Your body crumbles into a pile of gold.

...#..# ..#
#....<.....##..# .#
............#..##.#
...................
....)...............
.........!..........
#.........#$..# ...
#........#@..#...#
#...#.# #@!...#
####.....###....##
..§.........##..#
..§§≈≈..#.....#+#
...§≈§.......##
#§≈≈§........#
#.≈≈≈≈.....>.#
...§§≈.§....##
.......≈....#


You could see Rupert (berserk).

Vanquished Creatures
  A tengu warrior (D:9)
  Nergalle (D:11)
  An ugly thing (D:11)
  2 manticores
  A cyclops (D:11)
  An unseen horror (D:11)
  A tengu conjurer (D:9)
  Psyche (D:11)
  A hornet (D:9)
  2 trolls (D:11)
  2 shadows (D:10)
  3 wyverns
  The ghost of CBP the Conjurer, an amateur GrCj of Vehumet (D:5)
  A wraith (D:10)
  A yak (D:5)
  3 steam dragons
  2 acid dragons
  5 water moccasins
  An ice beast (D:8)
  7 orc warriors
  A black bear (D:6)
  5 sky beasts
  An ogre (D:4)
  A phantom (D:10)
  A weeping skull (Ossuary)
  An elf zombie (Ossuary)
  4 kobold brigands
  4 bullfrogs
  5 scorpions
  4 wights (D:9)
  3 troll zombies (D:10)
  9 killer bees
  4 howler monkeys
  An electric eel (D:11)
  A centaur zombie (Ossuary)
  8 hounds
  2 bombardier beetles
  A gnoll bouda (D:5)
  A jelly (D:7)
  A spectral scorpion (Ossuary)
  2 human zombies (Ossuary)
  4 orc priests
  Ijyb (D:5)
  2 iguanas (D:7)
  17 orc wizards
  5 ogre zombies (D:10)
  3 hound zombies (Ossuary)
  3 mummies (Ossuary)
  8 gnolls
  12 adders
  3 shadow imps
  2 white imps
  3 adder zombies (Ossuary)
  A ribbon worm (D:2)
  3 dart slugs
  52 orcs
  8 ball pythons
  10 endoplasms
  4 giant cockroaches
  2 gnoll zombies
  4 goblins
  8 hobgoblins
  16 jackals
  2 quokkas (D:3)
  8 ball python zombies (Ossuary)
  8 bats
  5 frilled lizards
  4 gnoll skeletons (D:10)
  4 jackal zombies (Ossuary)
  28 kobolds
  2 kobold zombies (Ossuary)
  2 orc skeletons (D:10)
  20 orc zombies
  4 rats
356 creatures vanquished.

Vanquished Creatures (others)
  An orc warrior (D:9)
  An orc (D:9)
2 creatures vanquished.

Grand Total: 358 creatures vanquished

Notes
Turn   | Place    | Note
-------+----------+-------------------------------------------
     0 | D:1      | Fodor the Minotaur Fighter began the quest for the Orb.
     0 | D:1      | Reached XP level 1. HP: 19/19 MP: 0/0
   169 | D:1      | Reached XP level 2. HP: 27/27 MP: 1/1
   176 | D:1      | You fall into a shaft and drop 1 floor!
   308 | D:2      | Reached skill level 3 in Axes
   308 | D:2      | Reached XP level 3. HP: 34/34 MP: 2/2
   386 | D:2      | Reached XP level 4. HP: 36/41 MP: 3/3
   622 | D:2      | Reached skill level 4 in Axes
   622 | D:2      | Reached XP level 5. HP: 47/47 MP: 4/4
  1358 | D:3      | Reached skill level 1 in Dodging
  1375 | D:3      | Found a shimmering blue altar of Sif Muna.
  1462 | D:3      | Found a glowing drain.
  1480 | Sewer    | Entered a sewer
  1505 | Sewer    | Reached skill level 1 in Ranged Weapons
  1518 | Sewer    | Reached XP level 6. HP: 40/55 MP: 5/5
  1757 | D:3      | Reached skill level 5 in Armour
  1893 | D:3      | Reached skill level 5 in Fighting
  2306 | D:4      | Found a sand-covered staircase.
  2311 | Ossuary  | Entered an ossuary
  2347 | Ossuary  | Reached skill level 5 in Axes
  2390 | Ossuary  | Reached XP level 7. HP: 56/61 MP: 6/6
  2498 | Ossuary  | Reached skill level 6 in Axes
  2648 | D:4      | Identified the +0 ring mail of Pathos {Rampage Fly Str+5}
  2730 | D:4      | Reached skill level 5 in Shields
  2744 | D:4      | Noticed a wyvern
  2757 | D:4      | Killed a wyvern
  2758 | D:4      | Reached skill level 7 in Axes
  2807 | D:4      | Reached XP level 8. HP: 70/70 MP: 7/7
  3040 | D:4      | Found a sparkling altar of Nemelex Xobeh.
  3128 | D:5      | Entered Level 5 of the Dungeon
  3171 | D:5      | Reached skill level 8 in Axes
  3296 | D:5      | Noticed Ijyb
  3313 | D:5      | Killed Ijyb
  3341 | D:5      | Found a staircase to the Ecumenical Temple.
  3366 | Temple   | Entered the Ecumenical Temple
  3377 | Temple   | Became a worshipper of Gozag Ym Sagoz the Greedy
  3654 | D:5      | Found a transporter.
  3658 | D:5      | Found a transporter.
  3659 | D:5      | Noticed CBP's ghost (amateur GrCj)
  3828 | D:5      | Reached skill level 9 in Axes
  3849 | D:5      | Killed CBP's ghost
  3850 | D:5      | Reached XP level 9. HP: 59/78 MP: 8/8
  4104 | D:6      | Reached skill level 10 in Axes
  4736 | D:6      | Found a hazy altar of Hepliaklqana.
  4857 | D:7      | Reached skill level 5 in Ranged Weapons
  4950 | D:7      | Found a stormy altar of Qazlal.
  4987 | D:7      | Found Jeumof's Armour Boutique.
  5001 | D:7      | Reached skill level 11 in Axes
  5027 | D:7      | Bought a +3 chain mail of cold resistance for 344 gold
                  | pieces
  5191 | D:7      | Found Hotol's Clear Minds Boutique.
  5227 | D:7      | Found a runed translucent gate.
  5228 | D:7      | Found a runed translucent gate.
  5228 | D:7      | Found a runed translucent gate.
  5232 | D:7      | Noticed djent's ghost (novice DEFi)
  5340 | D:7      | Found an ornate altar of the Wu Jian Council.
  5368 | D:7      | Reached XP level 10. HP: 61/88 MP: 9/9
  5512 | D:7      | Found a bloodstained altar of Trog.
  5530 | D:7      | Reached skill level 1 in Stealth
  5704 | D:8      | Found an ancient bone altar of Kikubaaqudgha.
  5704 | D:8      | Found a snail-covered altar of Cheibriados.
  5750 | D:8      | Found a sacrificial altar of Ru.
  5832 | D:8      | Reached skill level 5 in Dodging
  6051 | D:8      | Found a burning altar of Makhleb.
  6144 | D:9      | Noticed a tengu warrior
  6145 | D:9      | Identified the +1 mace of Youthful Indiscretion {pain,
                  | rPois Int+3}
  6373 | D:9      | Reached skill level 12 in Axes
  6397 | D:9      | Killed a tengu warrior
  6562 | D:9      | Found Zij Wuig's Jewellery Shop.
  6847 | D:9      | Found a staircase to the Lair.
  7056 | D:10     | Entered Level 10 of the Dungeon
  7111 | D:10     | Reached skill level 13 in Axes
  7231 | D:10     | Found a staircase to the Orcish Mines.
  7342 | D:10     | Reached XP level 11. HP: 99/99 MP: 10/10
  7760 | D:11     | Noticed a brown ugly thing
  7780 | D:11     | Killed a brown ugly thing
  7947 | D:11     | Reached skill level 10 in Fighting
  8077 | D:11     | Reached skill level 14 in Axes
  8106 | D:11     | Noticed Psyche
  8111 | D:11     | Killed Psyche
  8129 | D:11     | Identified the +1 long sword of Peace {flame, *Corrode rC++
                  | Int+3 Stlth+}
  8242 | D:11     | Noticed Nergalle
  8247 | D:11     | Killed Nergalle
  8548 | D:12     | Noticed Rupert
  8548 | D:12     | Paralysed by Rupert for 3 turns
  8573 | D:12     | Mangled by Rupert

Illustrated notes

Levels and vault maps discovered:
D:1:      wander_arrival_estate, layout_rooms, chequers_serial_rivers_small_a,
          minmay_misc_feat_plants, st_stairs_12
D:2:      layout_basic
D:3:      layout_loops_ring, amcnicky_altar_gilded,
          cheibrodos_sewer_entry_drain, kennysheep_generic_room_6
D:4:      layout_cave_pools, mainiacjoe_overflow_brackets, enter_ossuary_5
D:5:      layout_basic, temple_pool_b, gammafunk_ghost_hive, minmay_manual_mess,
          uniq_ijyb
D:6:      layout_loops_ring, marbit_many_paths
D:7:      layout_basic, trog_butcher_becter, pdpol_wu_jian_five_deadly_venoms,
          grunt_qazlal_sundering, gammafunk_ghost_necromancy, serial_shops,
          shop, nicolae_clarity_for_sale
D:8:      layout_rooms, nicolae_overflow_macrodata_refinement,
          minmay_misc_feat_square
D:9:      layout_small_grid, lair_entry_dummy, serial_shops, kennysheep_mini
D:10:     layout_cave_pools, zombieorc2_lemuel, nicolae_tricolors
D:11:     layout_basic, uniq_nergalle, uniq_psyche
D:12:     minmay_spotlight, layout_basic, serial_library,
          serial_library_hellmonk_recessed_alcove,
          serial_library_hellmonk_long_bookcase,
          serial_library_regret_index_headful,
          serial_library_hellmonk_double_dead_end,
          serial_library_hellmonk_hallway_a, serial_library_hellmonk_junction,
          serial_library_hellmonk_small_alcove, uniq_rupert
Temple:   nicolae_temple_ecumenical_triangle

Skill      XL: |  1  2  3  4  5  6  7  8  9 10 11 |
---------------+----------------------------------+-----
Shields        | 4 5 6 7 |  7.0
Fighting       | 4 5 6 7 9 10 | 10.3
Axes           | 3 4 5 7 9 11 13 14 | 14.3
Armour         | 4 5 6 8 9 |  9.2
Dodging        | 2 3 4 5 |  5.4
Ranged Weapons | 1 3 5 |  5.2
Stealth        | 2 |  2.6

Action                     |  1- 3 |  4- 6 |  7- 9 | 10-12 || total
---------------------------+-------+-------+-------+-------++-------
  Melee: War axe           |    38 |   205 |   307 |       ||   550
         Headbutt          |     8 |    22 |    58 |    62 ||   150
         Sling             |       |     2 |       |       ||     2
         Battleaxe         |       |       |    14 |   326 ||   340
   Fire: Sling             |       |    40 |    35 |     4 ||    79
    Use: Potion            |       |     2 |     2 |     2 ||     6
         Scroll            |       |       |     7 |     9 ||    16
   Stab: Distracted        |       |       |     1 |     3 ||     4
 Armour: Scale mail        |    36 |   234 |    27 |       ||   297
         Ring mail         |       |       |   189 |       ||   189
         Chain mail        |       |       |    20 |   459 ||   479
  Dodge: Dodged            |    18 |   140 |   173 |   164 ||   495
  Block: Buckler           |    12 |    77 |    57 |       ||   146

Table legend: (Time is in decaauts)
 A = Elapsed time spent in this place.
 B = Non-inter-level travel time spent in this place.
 C = Inter-level travel time spent in this place.
 D = Time resting spent in this place.
 E = Time spent auto-exploring this place.
 F = Levels seen in this place.
 G = Mean time per level.
                   A        B        C        D        E       F      G
               +--------+--------+--------+--------+--------+-----+--------+
         Total |   8765 |   8740 |     25 |    320 |   4509 |  15 |  584.3 |
       Dungeon |   8104 |   8079 |     25 |    320 |   4269 |  12 |  675.3 |
        Temple |     16 |     16 |      0 |      0 |      0 |   1 |   16.0 |
         Sewer |    303 |    303 |      0 |      0 |    131 |   1 |  303.0 |
       Ossuary |    340 |    340 |      0 |      0 |    109 |   1 |  340.0 |
               +--------+--------+--------+--------+--------+-----+--------+

Top non-repeatable levels by time:
     D:9: 934 daAuts
     D:7: 920 daAuts
     D:2: 892 daAuts
     D:6: 863 daAuts
    D:11: 788 daAuts
     D:5: 788 daAuts
     D:3: 715 daAuts
    D:10: 701 daAuts
     D:4: 551 daAuts
     D:1: 472 daAuts
     D:8: 436 daAuts
 Ossuary: 340 daAuts
   Sewer: 303 daAuts
    D:12: 40 daAuts
  Temple: 16 daAuts
